[Event "Team 45 45 League T99"]
[Site "Internet Chess Club"]
[Date "2024.02.27"]
[Round "2"]
[White "burlap"]
[Black "fvafier"]
[Result "0-1"]
[WhiteElo "1417"]
[BlackElo "1463"]
[Opening "Benko's opening"]
[ECO "A00"]
[Time "08:30:09"]
[PlyCount "76"]
[TimeControl "2700+45"]

1. g3 e5 2. Bg2 Nf6 3. e4 Nc6 4. Nc3 Bc5 5. Nf3 d6 6. Na4 Bb6 7. Nxb6 axb6 8. d3
h6 9. O-O O-O 10. h3 Ne7 11. Re1 Ng6 12. d4 c6 13. dxe5 dxe5 14. Qxd8 Rxd8 15.
b3 Be6 16. Bb2 Nd7 17. Red1 f6 18. a4 Nc5 19. Rxd8+ Rxd8 20. Re1 Bf7 21. Ba3 Ne6
22. Bf1 c5 23. Be2 Nd4 24. Nxd4 exd4 25. Rd1 Ne5 26. Bc4 Bxc4 27. bxc4 Nc6 28.
Rb1 d3 29. cxd3 Rxd3 30. Rxb6 Rxa3 31. Rxb7 Rxa4 32. Rc7 Ne5 33. Rxc5 Rxc4 34.
Rxc4 Nxc4 35. Kg2 Kf7 36. Kf3 Ke6 37. Kf4 g5+ 38. Kf3 Ke5 {White resigns} 0-1

[Event "Team 45 45 League T99"]
[Site "Internet Chess Club"]
[Date "2024.02.22"]
[Round "2"]
[White "Denis240964"]
[Black "jjmolina1"]
[Result "0-1"]
[WhiteElo "1288"]
[BlackElo "1390"]
[Opening "Giuoco Piano"]
[ECO "C53"]
[Time "09:30:14"]
[PlyCount "112"]
[TimeControl "2700+45"]

1. e4 e5 2. Nf3 Nc6 3. Bc4 Bc5 4. c3 d6 5. O-O Bg4 6. b4 Bb6 7. b5 Nb8 8. d4 Nf6
9. dxe5 Bxf3 10. Qxf3 dxe5 11. Rd1 Qe7 12. Bg5 Nbd7 13. Qf5 Rd8 14. Nd2 O-O 15.
Bxf6 Nxf6 16. Nb3 Rd6 17. Rd3 Rfd8 18. Rad1 Rxd3 19. Rxd3 Rxd3 20. Bxd3 g6 21.
Qf3 Nh5 22. Bc4 Nf4 23. a4 Qa3 24. g3 Qxa4 25. Nd2 Qa1+ 26. Bf1 Nh3+ 27. Kg2
Nxf2 28. Nc4 Nd1 29. Qd3 Nxc3 30. Nxe5 Qb2+ 31. Kh3 Qb4 32. Qd7 Qf8 33. Bc4 Nxe4
34. Nxf7 Nf6 35. Qe6 Kg7 36. g4 Qa3+ 37. Kg2 Qb2+ 38. Be2 Qd4 39. g5 Qe4+ 40.
Qxe4 Nxe4 41. Ne5 Nxg5 42. h4 Ne6 43. Bf3 Nc5 44. Kg3 a6 45. Nc4 axb5 46. Nxb6
cxb6 47. Bd5 Kf6 48. Kf4 h6 49. Ba2 b4 50. Bb1 b5 51. Kg4 b3 52. Kf4 g5+ 53.
hxg5+ hxg5+ 54. Kg4 Na4 55. Kf3 Nc3 56. Bd3 b2 {White resigns} 0-1

[Event "Team 45 45 League T99"]
[Site "Internet Chess Club"]
[Date "2024.02.22"]
[Round "2"]
[White "fhunfi"]
[Black "QuieroAprender"]
[Result "1/2-1/2"]
[WhiteElo "1725"]
[BlackElo "1659"]
[Opening "Philidor's defense"]
[ECO "B07"]
[Time "19:31:47"]
[PlyCount "52"]
[TimeControl "2700+45"]

1. e4 d6 2. d4 e5 3. Nf3 Bg4 4. dxe5 Nc6 5. exd6 Bxd6 6. Be2 Qe7 7. Nc3 O-O-O 8.
Nd2 Bxe2 9. Nxe2 Nf6 10. f3 Rhe8 11. c3 Nh5 12. g3 f5 13. Qc2 g6 14. O-O g5 15.
Nc4 Bc5+ 16. Nd4 Nxd4 17. cxd4 Bxd4+ 18. Kg2 fxe4 19. fxe4 Qxe4+ 20. Qxe4 Rxe4
21. Bxg5 Rg8 22. Bh6 Rg6 23. Rf8+ Kd7 24. Kf3 Re7 25. Rd1 c5 26. Be3 Kc6 {Game
drawn by mutual agreement} 1/2-1/2

[Event "Team 45 45 League T99"]
[Site "Internet Chess Club"]
[Date "2024.02.25"]
[Round "2"]
[White "kabindra"]
[Black "evan7284"]
[Result "1-0"]
[WhiteElo "1690"]
[BlackElo "1588"]
[Opening "two knights: Max Lange attack"]
[ECO "C55"]
[Time "14:30:12"]
[PlyCount "23"]
[TimeControl "2700+45"]

1. e4 e5 2. Bc4 Nc6 3. Nf3 Nf6 4. O-O Bc5 5. d4 exd4 6. e5 d5 7. exf6 dxc4 8.
Re1+ Be6 9. Ng5 Qd6 10. Ne4 Qd5 11. fxg7 Rg8 12. Nf6+ {Black resigns} 1-0

[Event "Team 45 45 League T99"]
[Site "Internet Chess Club"]
[Date "2024.02.22"]
[Round "2"]
[White "BIRDSMAN"]
[Black "mongmong"]
[Result "1/2-1/2"]
[WhiteElo "1444"]
[BlackElo "1485"]
[Opening "Queen's pawn game"]
[ECO "D05"]
[Time "15:30:21"]
[PlyCount "169"]
[TimeControl "2700+45"]

1. d4 e6 2. Nf3 d5 3. e3 Nf6 4. Bd3 Bd6 5. Nbd2 O-O 6. O-O Nbd7 7. Re1 e5 8.
dxe5 Nxe5 9. Nxe5 Bxe5 10. Nf3 Bd6 11. h3 Re8 12. c4 c6 13. cxd5 Nxd5 14. a3 f6
15. Qc2 g6 16. Bc4 Be6 17. Qb3 b5 18. Bf1 Nb6 19. Qc2 Bd7 20. Rd1 Qe7 21. Qd2
Bc7 22. Qc2 c5 23. b3 a6 24. Bb2 Be6 25. Rac1 c4 26. b4 Rad8 27. Nd4 Rd6 28.
Nxe6 Qxe6 29. Bd4 Red8 30. Bxb6 Bxb6 31. Be2 Bc7 32. Rxd6 Qxd6 33. g3 Qd2 34.
Bf3 Rd3 35. Qxd2 Rxd2 36. Bb7 Rd6 37. Be4 a5 38. bxa5 Bxa5 39. a4 bxa4 40. Rxc4
a3 41. Ra4 Be1 42. Rxa3 Rd2 43. Rd3 Bxf2+ 44. Kf1 Rxd3 45. Bxd3 Bxg3 46. Kg2 Bh4
47. Kf3 Kg7 48. Bc4 Kf8 49. Kg4 Bf2 50. e4 Kg7 51. Bd5 h5+ 52. Kf3 Bd4 53. Kf4
Be5+ 54. Kf3 Kh6 55. Be6 Kg5 56. Bf7 Bc3 57. Be6 Be1 58. Bf7 Kh6 59. Kf4 Bd2+
60. Kf3 Bc3 61. Kf4 Be5+ 62. Kf3 Kg7 63. Be6 Kf8 64. Bd7 Ke7 65. Bc6 Bb2 66. Bd5
Bc1 67. Bc4 Kf8 68. Bd5 Kg7 69. Kg3 Kh6 70. Bf7 g5 71. Kf3 Bb2 72. Ke3 Bc1+ 73.
Kf3 Bf4 74. Be6 Kg7 75. Bf5 Bc1 76. Kg3 Kf7 77. Kf3 Ke7 78. Bg6 h4 79. Bf5 Kd6
80. Kg4 Ke5 81. Bg6 Bb2 82. Bf5 Bc3 83. Bg6 Ke6 84. Bf5+ Kf7 85. Kf3 {Game drawn
by mutual agreement} 1/2-1/2

[Event "Team 45 45 League T99"]
[Site "Internet Chess Club"]
[Date "2024.02.23"]
[Round "2"]
[White "Gilguli"]
[Black "Fulmar"]
[Result "0-1"]
[WhiteElo "1385"]
[BlackElo "1299"]
[Opening "French: Labourdonnais variation"]
[ECO "C00"]
[Time "16:02:08"]
[PlyCount "127"]
[TimeControl "2700+45"]

1. e4 e6 2. f4 d5 3. e5 c5 4. Nf3 Bd7 5. g3 a6 6. Bg2 Ne7 7. O-O Nf5 8. Nc3 Nc6
9. d3 b5 10. Ne2 Qb6 11. c3 c4+ 12. d4 b4 13. g4 Nfe7 14. Ng3 g6 15. Be3 a5 16.
h4 h5 17. gxh5 gxh5 18. Ng5 O-O-O 19. Nxh5 Nf5 20. Bf2 Be8 21. Bh3 Be7 22. Bxf5
exf5 23. Ng7 Bxg5 24. fxg5 Bd7 25. Bg3 Ne7 26. Nh5 Qg6 27. Nf6 Bc6 28. Qd2 Ng8
29. Qf4 Nxf6 30. exf6 Kb7 31. Qc7+ Ka8 32. Qxa5+ Kb7 33. Qxb4+ Ka6 34. a4 Rb8
35. Bxb8 Rxh4 36. Bh2 Qxg5+ 37. Kh1 Rxh2+ 38. Kxh2 Qh4+ 39. Kg2 Qg4+ 40. Kf2
Qf4+ 41. Ke2 Qe4+ 42. Kd1 Qd3+ 43. Ke1 Qe3+ 44. Kd1 Qd3+ 45. Kc1 Qxf1+ 46. Kc2
Qxa1 47. Qe7 Bxa4+ 48. Kd2 Qd1+ 49. Ke3 Qd3+ 50. Kf4 Qe4+ 51. Kg3 Qxe7 52. fxe7
Bd7 53. Kf4 Ka5 54. Ke5 Ka4 55. Kxd5 Kb3 56. Kd6 Be8 57. Ke5 Kxb2 58. Kxf5 Kxc3
59. d5 Kd2 60. Kf6 c3 61. Kg7 c2 62. Kf8 Ba4 63. Kxf7 c1=Q 64. d6 {White
resigns} 0-1

[Event "Team 45 45 League T99"]
[Site "Internet Chess Club"]
[Date "2024.02.25"]
[Round "2"]
[White "VictorRed"]
[Black "clarinetref"]
[Result "1-0"]
[WhiteElo "1643"]
[BlackElo "1535"]
[Opening "French defense, Steiner variation"]
[ECO "C00"]
[Time "19:13:06"]
[PlyCount "49"]
[TimeControl "2700+45"]

1. e4 e6 2. c4 d5 3. cxd5 exd5 4. e5 c5 5. Nf3 Nc6 6. Bb5 Ne7 7. O-O a6 8. Ba4
b5 9. Bc2 Qc7 10. Re1 Be6 11. d4 cxd4 12. Bf4 Nf5 13. Bxf5 Bxf5 14. Nxd4 Nxd4
15. Qxd4 Be6 16. Nc3 Bc5 17. Nxd5 Qc6 18. Nb4 Qb6 19. Qe4 Bxf2+ 20. Kh1 O-O 21.
Be3 Bxe3 22. Rxe3 Rac8 23. Rg3 Rc4 24. Nd5 Qc5 25. Nf6+ {Black resigns} 1-0

[Event "Team 45 45 League T99"]
[Site "Internet Chess Club"]
[Date "2024.02.26"]
[Round "2"]
[White "Electryon"]
[Black "vollmerj"]
[Result "1/2-1/2"]
[WhiteElo "1552"]
[BlackElo "1570"]
[Opening "King's Indian, 3.Nf3"]
[ECO "E90"]
[Time "20:00:34"]
[PlyCount "64"]
[TimeControl "2700+45"]

1. d4 Nf6 2. Nf3 g6 3. c4 Bg7 4. Nc3 O-O 5. e4 d6 6. Bd3 Nbd7 7. O-O b6 8. Be3
Bb7 9. Qd2 e5 10. d5 Nc5 11. Bc2 c6 12. Bh6 cxd5 13. cxd5 Bxh6 14. Qxh6 Ng4 15.
Qd2 Bc8 16. h3 Nf6 17. Rac1 Nh5 18. b4 Nd7 19. Ne2 Ba6 20. Bd3 Bxd3 21. Qxd3 a5
22. a3 axb4 23. axb4 Ndf6 24. Rc6 Rb8 25. Ra1 Re8 26. g3 Re7 27. Kg2 Ne8 28. b5
Nhg7 29. Qe3 Reb7 30. Nd2 f5 31. Nc4 fxe4 32. Qxe4 Nf5 {Game drawn by mutual
agreement} 1/2-1/2

[Event "Team 45 45 League T99"]
[Site "Internet Chess Club"]
[Date "2024.02.26"]
[Round "2"]
[White "fireball"]
[Black "DaveTheRook"]
[Result "0-1"]
[WhiteElo "1506"]
[BlackElo "1489"]
[Opening "Queen's Indian: 4.Nc3"]
[ECO "E12"]
[Time "18:34:13"]
[PlyCount "108"]
[TimeControl "2700+45"]

1. d4 Nf6 2. c4 e6 3. Nc3 b6 4. Nf3 Bb7 5. e3 Be7 6. Bd3 O-O 7. Qc2 d5 8. cxd5
exd5 9. h3 h6 10. g4 Ne4 11. Nxe4 dxe4 12. Bxe4 Bxe4 13. Qxe4 Nd7 14. Bd2 Re8
15. Qd3 Bf8 16. h4 g6 17. O-O-O Nc5 18. Qc4 Ne4 19. Ne5 Nd6 20. Qb3 Qf6 21. f4
Qe6 22. Qd3 Qxa2 23. Bc3 Bg7 24. Kd2 Qd5 25. Ke2 Qg2+ 26. Ke1 Qxh1+ 27. Kd2 Qg2+
28. Kc1 Qe4 29. Qe2 Bxe5 30. dxe5 Nc4 31. Bd4 Na5 32. Qc2 Qxc2+ 33. Kxc2 Rad8
34. f5 c5 35. Bc3 Rxd1 36. Kxd1 Rd8+ 37. Ke2 Nc4 38. Kf3 a5 39. Kf4 b5 40. e6
fxe6 41. fxg6 b4 42. Bf6 Rf8 43. g5 hxg5+ 44. Kxg5 Nxe3 45. h5 Nf5 46. Be5 Nd4
47. Bd6 Rf5+ 48. Kh6 Ne2 49. g7 Nf4 50. Bxf4 Rxf4 51. Kg6 Rh4 52. h6 a4 53. Kg5
Rh1 54. Kg6 a3 {White resigns} 0-1

[Event "Team 45 45 League T99"]
[Site "Internet Chess Club"]
[Date "2024.02.24"]
[Round "2"]
[White "garytd"]
[Black "seattleblues"]
[Result "1-0"]
[WhiteElo "1470"]
[BlackElo "1364"]
[Opening "Pirc defense"]
[ECO "B07"]
[Time "07:01:21"]
[PlyCount "33"]
[TimeControl "2700+45"]

1. e4 d6 2. d4 Nf6 3. Nc3 g6 4. Bf4 c6 5. Nf3 Bg7 6. Qd2 b5 7. a3 a5 8. h3 Nbd7
9. e5 dxe5 10. dxe5 Nh5 11. Bh2 f5 12. Be2 Qc7 13. g4 fxg4 14. hxg4 Bxe5 15.
Nxe5 Nxe5 16. gxh5 Nf3+ 17. Bxf3 {Black resigns} 1-0

[Event "Team 45 45 League T99"]
[Site "Internet Chess Club"]
[Date "2024.02.25"]
[Round "2"]
[White "Packerfan"]
[Black "Fischeresque930"]
[Result "0-1"]
[WhiteElo "1695"]
[BlackElo "2081"]
[Opening "French defense, Steiner variation"]
[ECO "A13"]
[Time "15:01:51"]
[PlyCount "94"]
[TimeControl "2700+45"]

1. c4 e6 2. e4 d5 3. exd5 exd5 4. d4 Nf6 5. Nc3 Bb4 6. Nf3 O-O 7. Be2 dxc4 8.
Bxc4 Re8+ 9. Be3 Bd6 10. O-O Nbd7 11. Qb3 Re7 12. Ng5 Qf8 13. Nb5 Nb6 14. Nxd6
cxd6 15. Rfe1 Nxc4 16. Qxc4 h6 17. Nf3 Be6 18. Qb4 Rc7 19. Rac1 Nd5 20. Qa3 Qd8
21. Rxc7 Qxc7 22. Rc1 Qd7 23. h3 a6 24. Bd2 Qd8 25. b3 Rc8 26. Rxc8 Bxc8 27. Qa5
Qxa5 28. Bxa5 Kf8 29. Kf1 Bf5 30. Bd2 Bb1 31. a3 Ke7 32. b4 Bd3+ 33. Ke1 Kd7 34.
Bc1 Kc6 35. g3 Kb5 36. Kd2 Be4 37. Ne1 Kc4 38. Nc2 Bxc2 39. Kxc2 f5 40. f4 g6
41. Kd2 Kxd4 42. Bb2+ Ke4 43. Ke2 h5 44. h4 b5 45. Bg7 Nb6 46. Bb2 Nc4 47. Bc1
d5 {White resigns} 0-1

[Event "Team 45 45 League T99"]
[Site "Internet Chess Club"]
[Date "2024.02.25"]
[Round "2"]
[White "trombone"]
[Black "Salvatore"]
[Result "1-0"]
[WhiteElo "1821"]
[BlackElo "1553"]
[Opening "Sicilian: dragon, classical, 9.Nb3"]
[ECO "B74"]
[Time "14:07:20"]
[PlyCount "69"]
[TimeControl "2700+45"]

1. e4 c5 2. Nf3 Nc6 3. d4 cxd4 4. Nxd4 g6 5. Nc3 Bg7 6. Be3 Nf6 7. Nb3 O-O 8.
Be2 d6 9. O-O Be6 10. f4 Rc8 11. h3 d5 12. f5 Bd7 13. fxg6 hxg6 14. exd5 Nb4 15.
Bf3 Bf5 16. Nd4 Bd7 17. Nde2 Bf5 18. Nd4 Bd7 19. Qd2 Nfxd5 20. Nxd5 Nxd5 21.
Bxd5 e6 22. Bb3 Qh4 23. Qf2 Qe4 24. Rae1 b6 25. c3 Qb7 26. Bg5 a5 27. Bf6 a4 28.
Bc2 b5 29. Bxg7 Kxg7 30. Qf6+ Kg8 31. Rf4 Rc5 32. Rh4 Rh5 33. Rxh5 gxh5 34. Qg5+
Kh8 35. Qh6+ {Black resigns} 1-0

[Event "Team 45 45 League T99"]
[Site "Internet Chess Club"]
[Date "2024.02.23"]
[Round "2"]
[White "justice02"]
[Black "Signofthetimes"]
[Result "1-0"]
[WhiteElo "1580"]
[BlackElo "1539"]
[Opening "Réti opening"]
[ECO "A04"]
[Time "22:00:32"]
[PlyCount "129"]
[TimeControl "2700+45"]

1. Nf3 c6 2. g3 d5 3. c4 Nf6 4. Bg2 Bf5 5. Qb3 Qb6 6. Qxb6 axb6 7. cxd5 Nxd5 8.
a3 e6 9. d3 Bg6 10. O-O Be7 11. e4 Nf6 12. Be3 Nbd7 13. Nbd2 O-O 14. Rfc1 Rfd8
15. Bf1 Nc5 16. Rc3 Na4 17. Rc2 Nc5 18. Ne5 Ncd7 19. Nxg6 hxg6 20. Nc4 b5 21.
Nb6 Ra6 22. Nxd7 Nxd7 23. d4 Raa8 24. Rd1 Ne5 25. Be2 Nd7 26. d5 exd5 27. exd5
Rac8 28. d6 Bf6 29. f4 Re8 30. Kf2 Rcd8 31. Bg4 Re4 32. Kf3 Rc4 33. Re2 b4 34.
axb4 Rxb4 35. h4 Rxb2 36. Rxb2 Bxb2 37. Rb1 Ba3 38. Rxb7 Nf6 39. d7 Nd5 40. Bd2
Ra8 41. f5 gxf5 42. Bxf5 g6 43. Be4 Be7 44. Bxd5 cxd5 45. Rb5 Ra3+ 46. Ke2 Kg7
47. Rxd5 Rxg3 48. d8=Q Bxd8 49. Rxd8 Rb3 50. Bg5 Rb7 51. Kf3 f6 52. Be3 Kf7 53.
Bd4 Ke6 54. Ra8 Rf7 55. Ra6+ Kf5 56. Ra5+ Ke6 57. Kg4 f5+ 58. Kg5 Rh7 59. Ra6+
Kd5 60. Bf6 Ke4 61. Ra4+ Ke3 62. Kxg6 Rb7 63. h5 f4 64. h6 f3 65. h7 {Black
resigns} 1-0

[Event "Team 45 45 League T99"]
[Site "Internet Chess Club"]
[Date "2024.02.26"]
[Round "2"]
[White "stantheman59"]
[Black "cayo89"]
[Result "0-1"]
[WhiteElo "1145"]
[BlackElo "1508"]
[Opening "Modern defense"]
[ECO "A40"]
[Time "19:05:28"]
[PlyCount "102"]
[TimeControl "2700+45"]

1. d4 g6 2. Nf3 Bg7 3. Bf4 d6 4. e3 e6 5. c3 Ne7 6. e4 Nd7 7. Bd3 b6 8. Qe2 a6
9. O-O Bb7 10. Nbd2 h6 11. e5 d5 12. Rfc1 c5 13. Bc2 c4 14. b3 b5 15. bxc4 bxc4
16. Rcb1 Bc6 17. Rb2 Rb8 18. Rab1 Rxb2 19. Rxb2 Qa5 20. Nb1 O-O 21. Qd2 Kh7 22.
h4 Rb8 23. Rxb8 Nxb8 24. h5 Ba4 25. hxg6+ fxg6 26. Bxa4 Qxa4 27. Ne1 Nbc6 28.
Qc2 Qa5 29. a4 Nf5 30. Nf3 Qb6 31. Nbd2 Na5 32. g4 Ne7 33. Nf1 Nb3 34. Ng3 Qa5
35. g5 Qxa4 36. Nh5 Nf5 37. Nf6+ Kh8 38. gxh6 Bf8 39. Ng5 Bxh6 40. Nf7+ Kg7 41.
Nxh6 Nxh6 42. Bxh6+ Kxh6 43. f4 Qa1+ 44. Kh2 Qf1 45. Ng4+ Kg7 46. Nf2 a5 47. Kg3
a4 48. Qa2 Qa1 49. Qc2 a3 50. Qd1 Qxd1 51. Nxd1 a2 {White resigns} 0-1

[Event "Team 45 45 League T99"]
[Site "Internet Chess Club"]
[Date "2024.02.26"]
[Round "2"]
[White "Goli"]
[Black "DimEyeChessGuy"]
[Result "1/2-1/2"]
[WhiteElo "1808"]
[BlackElo "1657"]
[Opening "Caro-Kann: Panov-Botvinnik attack"]
[ECO "B13"]
[Time "15:30:37"]
[PlyCount "64"]
[TimeControl "2700+45"]

1. e4 c6 2. d4 d5 3. exd5 cxd5 4. c4 Nf6 5. Nc3 Nc6 6. Nf3 a6 7. a3 g6 8. c5 Bg7
9. Be2 O-O 10. h3 Qc7 11. O-O Bf5 12. Be3 Rad8 13. Rc1 e5 14. dxe5 Nxe5 15. Nxe5
Qxe5 16. Bd4 Qf4 17. Bf3 Qg5 18. Be3 Qh4 19. Ne2 Rfe8 20. g3 Qxh3 21. Nf4 Qh6
22. Ne6 Qxe3 23. fxe3 Bxe6 24. b4 Bh3 25. Re1 Ne4 26. Bxe4 Rxe4 27. Kf2 Bb2 28.
Rb1 Be5 29. Rh1 Bg4 30. Qb3 h5 31. a4 d4 32. Rhe1 d3 {Game drawn by mutual
agreement} 1/2-1/2

[Event "Team 45 45 League T99"]
[Site "Internet Chess Club"]
[Date "2024.02.23"]
[Round "2"]
[White "elmaestro"]
[Black "fhunfi"]
[Result "1/2-1/2"]
[WhiteElo "1666"]
[BlackElo "1722"]
[Opening "English opening"]
[ECO "A20"]
[Time "17:15:43"]
[PlyCount "104"]
[TimeControl "2700+45"]

1. c4 e5 2. g3 d6 3. Bg2 Be7 4. Nc3 f5 5. d3 Nf6 6. e3 O-O 7. Nge2 Qe8 8. Nd5
Bd8 9. Nxf6+ Bxf6 10. Qb3 c6 11. Bd2 Nd7 12. Qc2 a5 13. Rb1 Nc5 14. O-O e4 15.
d4 Ne6 16. Nf4 Nxf4 17. gxf4 Rf7 18. d5 c5 19. Bc3 b5 20. b3 b4 21. Ba1 Bd7 22.
Kh1 a4 23. Rg1 a3 24. Bh3 Bxa1 25. Rxa1 Rf6 26. Rg3 Qh5 27. Rag1 Rg6 28. Bf1
Rxg3 29. Rxg3 Rf8 30. Rg5 Qf7 31. Be2 Qf6 32. Rg1 Qh4 33. Bf1 Rf6 34. Rg3 Rg6
35. Be2 Qf6 36. Kg2 Qb2 37. Bd1 Qxc2 38. Bxc2 Rxg3+ 39. hxg3 Kf7 40. f3 exf3+
41. Kxf3 Kf6 42. e4 g5 43. exf5 Bxf5 44. Bxf5 Kxf5 45. g4+ Kf6 46. f5 Ke5 47.
Ke3 Kf6 48. Kf3 Ke5 49. Kg3 Kf6 50. Kf3 Ke5 51. Kg3 Kf6 52. Kf3 Ke5 {Game drawn
by repetition} 1/2-1/2

[Event "Team 45 45 League T99"]
[Site "Internet Chess Club"]
[Date "2024.02.25"]
[Round "2"]
[White "WillC"]
[Black "defythemachine"]
[Result "0-1"]
[WhiteElo "1550"]
[BlackElo "1421"]
[Opening "Modern defense"]
[ECO "A40"]
[Time "20:00:35"]
[PlyCount "70"]
[TimeControl "2700+45"]

1. d4 g6 2. Nf3 Bg7 3. b3 d6 4. Bb2 b6 5. e4 Bb7 6. Bd3 e6 7. O-O Nd7 8. Nbd2
Ne7 9. Rb1 O-O 10. Qe2 c5 11. c4 cxd4 12. Bxd4 e5 13. Bb2 Nc5 14. Bc2 Nc6 15. a3
Ne6 16. Rfd1 f5 17. exf5 gxf5 18. Ne1 Ncd4 19. Qh5 Nf4 20. Qf3 Nxf3+ 21. Ndxf3
Ne2+ 22. Kf1 Bxf3 23. Nxf3 e4 24. Bxg7 Kxg7 25. Nd4 Nxd4 26. Rxd4 Qh4 27. Kg1
Rad8 28. Rbd1 Rf6 29. b4 Rh6 30. h3 Rg6 31. Kf1 Qf4 32. c5 bxc5 33. bxc5 Qh2 34.
c6 Rxg2 35. R1d2 Qg1+ {White resigns} 0-1

[Event "Team 45 45 League T99"]
[Site "Internet Chess Club"]
[Date "2024.02.22"]
[Round "2"]
[White "burlap"]
[Black "ChessMaine"]
[Result "0-1"]
[WhiteElo "1434"]
[BlackElo "1473"]
[Opening "Queen's pawn, Mason variation"]
[ECO "D00"]
[Time "19:00:23"]
[PlyCount "98"]
[TimeControl "2700+45"]

1. d4 d5 2. Bf4 e6 3. e3 Nf6 4. Nd2 Bd6 5. Bxd6 cxd6 6. Ngf3 O-O 7. Bd3 Nbd7 8.
O-O a6 9. c3 b5 10. Re1 Bb7 11. e4 dxe4 12. Nxe4 Nxe4 13. Bxe4 Bxe4 14. Rxe4 Nf6
15. Rh4 d5 16. Ng5 h6 17. Nf3 Ne4 18. Qd3 f5 19. Re1 Qf6 20. Rh3 f4 21. Ne5 Ra7
22. f3 Ng5 23. Rh4 Qf5 24. Qxf5 Rxf5 25. Ng6 Raf7 26. Kf2 R5f6 27. Ne5 Rc7 28.
Rh5 Nf7 29. Ng4 Rg6 30. Ne5 Rf6 31. Nxf7 Kxf7 32. Rhe5 g5 33. g3 fxg3+ 34. hxg3
Re7 35. f4 gxf4 36. g4 f3 37. R1e3 Rf4 38. Rxf3 Rxf3+ 39. Kxf3 Kf6 40. Rh5 Kg6
41. Kf4 Rf7+ 42. Kg3 Rf1 43. Rh2 Re1 44. Kf4 Re4+ 45. Kg3 Kg5 46. Rh5+ Kg6 47.
Kh4 Re2 48. g5 Re4+ 49. Kg3 Kxh5 {White resigns} 0-1

[Event "Team 45 45 League T99"]
[Site "Internet Chess Club"]
[Date "2024.02.24"]
[Round "2"]
[White "BlueStorm"]
[Black "mongmong"]
[Result "1/2-1/2"]
[WhiteElo "1660"]
[BlackElo "1493"]
[Opening "French: King's Indian attack"]
[ECO "C00"]
[Time "19:00:40"]
[PlyCount "58"]
[TimeControl "2700+45"]

1. e4 e6 2. d3 d5 3. Nd2 Nf6 4. e5 Nfd7 5. d4 c5 6. c3 Nc6 7. Ngf3 Qb6 8. c4
dxc4 9. Nxc4 Qc7 10. d5 exd5 11. Qxd5 Nb6 12. Nd6+ Bxd6 13. Qxd6 Qxd6 14. exd6
O-O 15. Bb5 Bd7 16. Be3 a6 17. Bxc6 Bxc6 18. Bxc5 Rfe8+ 19. Kd1 Nd7 20. Bd4
Bxf3+ 21. gxf3 Re6 22. Be3 Rxd6+ 23. Ke2 Re6 24. Rac1 Nf6 25. Rhd1 Rae8 26. Rc7
b5 27. Kf1 h6 28. Rdc1 R8e7 29. Rxe7 Rxe7 {Game drawn by mutual agreement}
1/2-1/2

[Event "Team 45 45 League T99"]
[Site "Internet Chess Club"]
[Date "2024.02.26"]
[Round "2"]
[White "tightfist"]
[Black "CMAlge"]
[Result "0-1"]
[WhiteElo "1491"]
[BlackElo "1443"]
[Opening "King's Indian: 6.Be2"]
[ECO "E91"]
[Time "18:01:52"]
[PlyCount "80"]
[TimeControl "2700+45"]

1. Nf3 Nf6 2. c4 g6 3. Nc3 Bg7 4. d4 O-O 5. e4 d6 6. Be2 Nbd7 7. b4 c5 8. bxc5
dxc5 9. O-O cxd4 10. Nxd4 Nc5 11. e5 Nfe4 12. Nxe4 Nxe4 13. Bb2 Bxe5 14. Bf3 Ng5
15. Bd5 Qd6 16. h4 Ne6 17. Nb5 Bh2+ 18. Kh1 Qf4 19. h5 Qh4 20. g3 Bxg3+ 21. Kg2
Qh2+ 22. Kf3 Ng5+ 23. Ke3 Bf4+ 24. Ke2 Bg4+ 25. Kd3 Bxd1 26. Raxd1 Qxh5 27. Rh1
Qg4 28. Rdg1 Qf5+ 29. Kc3 Be5+ 30. Nd4 Bxd4+ 31. Kxd4 Qxf2+ 32. Kc3 Qe3+ 33. Kc2
h5 34. Re1 Qf2+ 35. Kb3 a5 36. Rhf1 Qb6+ 37. Kc2 a4 38. Rxe7 Rae8 39. Rxb7 Re2+
40. Kd3 Qe3# {White checkmated} 0-1

[Event "Team 45 45 League T99"]
[Site "Internet Chess Club"]
[Date "2024.02.23"]
[Round "2"]
[White "Fulmar"]
[Black "jjmolina1"]
[Result "0-1"]
[WhiteElo "1277"]
[BlackElo "1401"]
[Opening "Queen's pawn game"]
[ECO "D04"]
[Time "09:01:20"]
[PlyCount "96"]
[TimeControl "2700+45"]

1. d4 Nf6 2. Nf3 d5 3. e3 c6 4. Bd3 Bg4 5. c4 e6 6. O-O Be7 7. Nbd2 Nbd7 8. Qc2
Rc8 9. h3 Bh5 10. c5 b6 11. b4 bxc5 12. bxc5 Qc7 13. Bb2 O-O 14. Ne5 Bg6 15.
Nxg6 hxg6 16. Nf3 Rb8 17. Rab1 Rb7 18. Ba6 Rbb8 19. Qa4 Ne4 20. Rfd1 Rxb2 21.
Rxb2 Nc3 22. Qc2 Nxd1 23. Qxd1 Rb8 24. Qb1 Bf6 25. Rxb8+ Nxb8 26. Qb7 Qxb7 27.
Bxb7 Kf8 28. a4 Ke7 29. Nd2 Kd7 30. Nb3 Kc7 31. Na5 e5 32. dxe5 Bxe5 33. Ba8 f6
34. Nb3 Na6 35. Na5 Nb8 36. Nb7 g5 37. Kf1 d4 38. Ke2 Kd7 39. Kd3 dxe3 40. fxe3
Kc7 41. g4 Nd7 42. Na5 Nxc5+ 43. Kc4 Nxa4 44. Bxc6 Nb6+ 45. Kb5 Bc3 46. Nb3 a6+
47. Kc5 Be5 48. Nd4 Bd6# {White checkmated} 0-1

[Event "Team 45 45 League T99"]
[Site "Internet Chess Club"]
[Date "2024.02.23"]
[Round "2"]
[White "kabubi"]
[Black "Reykjaviking"]
[Result "1-0"]
[WhiteElo "1153"]
[BlackElo "1224"]
[Opening "Sicilian defense"]
[ECO "B20"]
[Time "13:36:13"]
[PlyCount "104"]
[TimeControl "2700+45"]

1. e4 c5 2. d3 e6 3. Nd2 a6 4. g3 b6 5. Bg2 Bb7 6. Ngf3 Nc6 7. O-O Be7 8. c3 Qc7
9. Qe2 Nf6 10. Re1 e5 11. Nf1 h6 12. Ne3 O-O-O 13. a3 g5 14. h3 d5 15. exd5 Nxd5
16. Nf5 f6 17. c4 Qd7 18. cxd5 Qxf5 19. dxc6 Bxc6 20. Rd1 Kb7 21. g4 Qe6 22. Nd2
Bxg2 23. Kxg2 Rd4 24. Nf3 Qc6 25. Be3 Rd7 26. Kf1 h5 27. Ke1 hxg4 28. hxg4 Rhd8
29. Rac1 Rh8 30. Qf1 Qxf3 31. Qe2 Rh1+ 32. Kd2 Rxd1+ 33. Rxd1 Qxe2+ 34. Kxe2 a5
35. Kf3 a4 36. Ke4 Rc7 37. Kd5 c4 38. dxc4 Rd7+ 39. Ke6 Rxd1 40. Kxe7 Rg1 41.
Kxf6 Rxg4 42. Bxg5 Rxc4 43. Kxe5 Rc2 44. f4 Rxb2 45. f5 Rb3 46. Be7 Kc6 47. f6
Kd7 48. Kf5 Rg3 49. Bb4 b5 50. Bc5 Ke8 51. Bd6 Kf7 52. Bxg3 Kf8 {Black resigns}
1-0

[Event "Team 45 45 League T99"]
[Site "Internet Chess Club"]
[Date "2024.02.26"]
[Round "2"]
[White "burlap"]
[Black "clarinetref"]
[Result "1-0"]
[WhiteElo "1432"]
[BlackElo "1513"]
[Opening "Benko's opening"]
[ECO "A00"]
[Time "20:02:27"]
[PlyCount "81"]
[TimeControl "2700+45"]

1. g3 g6 2. Bg2 Bg7 3. d4 d5 4. Nf3 Nf6 5. O-O O-O 6. Be3 h6 7. Nbd2 Nc6 8. h3
Re8 9. Re1 e5 10. Nxe5 Nxe5 11. dxe5 Rxe5 12. Bd4 Re8 13. c3 Bf5 14. e3 Qc8 15.
g4 Bd7 16. Bxf6 Bxf6 17. Bxd5 Re5 18. Qf3 Rxd5 19. Qxd5 Bc6 20. Qb3 h5 21. Qd1
Qd7 22. Ne4 Qe6 23. Nxf6+ Qxf6 24. f3 Rd8 25. Qe2 Kg7 26. e4 hxg4 27. hxg4 Rh8
28. Kg2 Qf4 29. Rh1 Re8 30. Rae1 Re5 31. Qf1 Ra5 32. a3 Rb5 33. Qf2 a5 34. Rh3
f5 35. Qh4 Rxb2+ 36. Kg1 fxg4 37. fxg4 Bxe4 38. Qe7+ Kg8 39. Qxe4 Qf2+ 40. Kh1
Qc2 41. Qe8+ {Black resigns} 1-0

[Event "Team 45 45 League T99"]
[Site "Internet Chess Club"]
[Date "2024.02.24"]
[Round "2"]
[White "herrahuu"]
[Black "ChessG2011"]
[Result "1/2-1/2"]
[WhiteElo "1371"]
[BlackElo "1355"]
[Opening "Four knights: Ranken variation"]
[ECO "C48"]
[Time "00:46:35"]
[PlyCount "92"]
[TimeControl "2700+45"]

1. e4 e5 2. Nf3 Nc6 3. Nc3 Nf6 4. Bb5 a6 5. Bxc6 dxc6 6. Nxe5 Qd4 7. Nf3 Qc4 8.
d4 Bg4 9. Be3 Bb4 10. Qd3 Bxc3+ 11. bxc3 Qxd3 12. cxd3 Bxf3 13. gxf3 O-O-O 14.
f4 c5 15. Ke2 cxd4 16. Bxd4 Nh5 17. Kf3 c5 18. Kg4 cxd4 19. Kxh5 dxc3 20. Rhd1
Kb8 21. Rac1 Rc8 22. d4 Rc4 23. f3 Rhc8 24. d5 Kc7 25. Rd3 Kd7 26. Kg5 f6+ 27.
Kf5 R8c5 28. e5 fxe5 29. fxe5 b5 30. f4 Rc8 31. e6+ Kd6 32. Kg4 R4c5 33. f5 Rxd5
34. Rcxc3 Re8 35. Re3 Rd4+ 36. Kg5 Kd5 37. Ra3 Rd2 38. Rxa6 Rg2+ 39. Kf4 Rxh2
40. Ra7 Rf2+ 41. Rf3 Rxf3+ 42. Kxf3 Ke5 43. Rf7 g6 44. fxg6 hxg6 45. Rb7 Kxe6
46. Rxb5 Ra8 {Game drawn by mutual agreement} 1/2-1/2